cohdb
Replays
Latest Replays
All Replays
Popular Replays
Top Player Replays
Match Explorer
How It Works
Community
CoH3 Stats
Reddit
Sign in to upload your games and track your stats! →
Sign in with Steam
Match 45126946
Unlisted
Match 45126946
Overview
Messages
Build Orders
End
Panzerpioneer Squad
Panzerpioneer Squad
250 Light Carrier
Selects Panzerjäger Kommand Battlegroup
Selects Mine Fields
250 Light Carrier
Construct Light Support Kompanie
Combat Half-tracks
Fire Support Elements
Selects GrB 39 Grenade Launcher Requisition
Vehicle Survival Package
Panzerjäger Mechanized Group
Construct Panzerarmee Kommand
Emergency Repair Kits
Rapid Advance
Advanced Optics
Panzer III L Medium Tank
Panzer III L Medium Tank
Tungsten Core Ammunition
250 Light Carrier
Selects Crew Shock Tactics
Panzer III L Medium Tank
Panzer III L Medium Tank
nub
FutureNP
-AL- Nimahfrosch
The_Jonny_Boy94
0
0
Comments
sign in to comment!
No comments posted yet!